[Event "Early-Titled-Tuesday-Blitz-May-07-2024"]
[Site "Chess.com"]
[Date "2024.05.07"]
[Round "4"]
[White "jefferyx"]
[Black "mind1mover"]
[Result "1-0"]
[WhiteElo "3129"]
[BlackElo "2904"]
[TimeControl "180+1"]
[EndTime "8:43:29 PDT"]
[Termination "jefferyx won by resignation"]

1. d4 d5 2. c4 dxc4 3. Nf3 Nf6 4. e3 e6 5. Bxc4 c5 6. O-O Nc6 7. a3 a6 8. dxc5 Qxd1 9. Rxd1 Bxc5 10. b4 Be7 11. Bb2 O-O 12. Nbd2 b5 13. Be2 Bb7 14. Rac1 Rfd8 15. Nd4 Rac8 16. N2b3 Na7 17. Na5 Ba8 18. Nab3 Nd5 19. Bf3 Nb6 20. Bxa8 Nxa8 21. Na5 Bf6 22. Kf1 Nb6 23. Ke2 Rxc1 24. Rxc1 Rc8 25. Rd1 Na4 26.
Ba1 Nc3+ 27. Bxc3 Rxc3 28. Rd3 Rc7 29. Ndb3 Nc6 30. Nxc6 Rxc6 31. Nc5 a5 32. Rd7 axb4 33.
axb4 Rb6 34. Ne4 Kf8 35. Nd6 Rc6 36. Rxf7+ Kg8 37. Rd7 h5 38. Nxb5 Rb6 39. Nc7 Kh7 40.
b5 Kg6 41. f4 e5 42. Kf3 exf4 43. exf4 Rb7 44. b6 Rxb6 45. Nd5 Rb3+ 46. Ke4 Ra3 47. f5+ Kh6 48. Rd6 Kg5 49. h4+ Kxh4 50. Nxf6 gxf6 51.
Rxf6 Ra4+ 52. Ke5 Ra5+ 53. Ke6 Ra6+ 54. Kf7 Ra7+ 55. Kg6 Kg4 56. Rb6 h4 57. Rb4+ Kg3 58. f6 Ra6 59. Kg7 Kxg2 60. Rxh4 1-0

[Event "Early-Titled-Tuesday-Blitz-May-07-2024"]
[Site "Chess.com"]
[Date "2024.05.07"]
[Round "4"]
[White "Boxerandchessplayer"]
[Black "Caterpiller35"]
[Result "1-0"]
[WhiteElo "2240"]
[BlackElo "2488"]
[TimeControl "180+1"]
[EndTime "8:43:29 PDT"]
[Termination "Boxerandchessplayer won by checkmate"]

1. Nf3 Nf6 2. c4 g6 3. d4 Bg7 4. Nc3 d6 5. Bg5 h6 6. Bh4 g5 7. Bg3 Nh5 8. e3 c5 9. dxc5 Nxg3 10. hxg3 Bxc3+ 11. bxc3 dxc5 12. Qxd8+ Kxd8 13. Nxg5 Be6 14. Nxe6+ fxe6 15. O-O-O+ Kc7 16. Kc2 Nd7 17. Be2 Nf6 18. Bf3 e5 19. Rh4 Raf8 20. Rf1 Rh7 21. Kd2 Rhf7 22.
Ke2 e4 23. Bxe4 Nxe4 24. Rxe4 Rf6 25. Rf4 Rxf4 26. gxf4 Rf6 27. Rh1 Ra6 28. a4 Rxa4 29.
Rxh6 Rxc4 30. Kd3 Ra4 31. g4 Ra1 32. g5 Rg1 33. Rh3 b5 34. e4 a5 35. Rg3 Rxg3+ 36. fxg3 Kd7 37. g4 Ke6 38. f5+ Kf7 39. e5 e6 40. fxe6+ Kf8 41. g6 a4 42. Kc2 b4 43.
cxb4 cxb4 44. Kb2 b3 45. Ka3 Kg8 46. e7 Kg7 47. e8=Q Kh6 48. Qh8+ Kxg6 49. Qf6+ Kh7 50. g5 b2 51. Kxb2 a3+ 52. Kxa3 Kg8 53. Qe7 Kh8 54. g6 Kg8 55. Qf7+ Kh8 56. Qh7# 1-0

[Event "Early-Titled-Tuesday-Blitz-May-07-2024"]
[Site "Chess.com"]
[Date "2024.05.07"]
[Round "4"]
[White "DanielNaroditsky"]
[Black "PeshkaCh"]
[Result "1/2-1/2"]
[WhiteElo "3072"]
[BlackElo "2885"]
[TimeControl "180+1"]
[EndTime "8:43:32 PDT"]
[Termination "Game drawn - insufficient material"]

1. e4 e5 2. Nf3 Nc6 3. Bb5 a6 4. Ba4 Nge7 5. Nc3 Ng6 6. h4 Be7 7. h5 Nf4 8. d4 Nxg2+ 9. Kf1 Nh4 10. Nxe5 Nxe5 11. dxe5 c6 12. Bb3 d6 13. exd6 Bxd6 14. Qd4 Rg8 15. e5 Be7 16. Qxd8+ Bxd8 17. Ne4 Nf5 18. Bf4 Be6 19. Nc5 Bxb3 20. axb3 Ra7 21. e6 Be7 22. exf7+ Kxf7 23. Nd3 Bf6 24. Be5 Raa8 25.
Re1 Rae8 26. Rh3 Re7 27. Rf3 g6 28. hxg6+ hxg6 29. Bxf6 Rxe1+ 30. Kxe1 Kxf6 31. Kd2 Rd8 32. Rf4 Kg7 33. b4 Nd4 34. Re4 Nf5 35. Kc3 Kf6 36.
Nc5 Nd6 37. Rf4+ Ke7 38. Kb3 Rf8 39. Rxf8 Kxf8 40. Kc3 Ke7 41. Kd4 Kf6 42. c3 Kf5 43.
Nd3 b6 44. f3 Nb5+ 45. Ke3 Nd6 46. b3 g5 47. c4 Nb7 48. Nf2 c5 49. bxc5 bxc5 50.
Ne4 Kg6 51. Ng3 Na5 52. Ke4 Nxb3 53. Ne2 Kf6 54. Nc3 Nd2+ 55. Kd5 Nxf3 56. Kxc5 Ne5 57. Kd5 Nxc4 58. Kxc4 Ke5 59. Ne2 Ke4 60. Ng3+ Kf3 61.
Nh5 g4 62. Kb4 Ke4 63. Nf6+ Kf5 64. Nxg4 Kxg4 65. Ka5 Kf4 66. Kxa6 1/2-1/2

[Event "Early-Titled-Tuesday-Blitz-May-07-2024"]
[Site "Chess.com"]
[Date "2024.05.07"]
[Round "4"]
[White "krzyzan94"]
[Black "RebelJohnny"]
[Result "1-0"]
[WhiteElo "2797"]
[BlackElo "2566"]
[TimeControl "180+1"]
[EndTime "8:43:32 PDT"]
[Termination "krzyzan94 won by resignation"]

1. e4 c5 2. Nf3 d6 3. d4 cxd4 4. Nxd4 Nf6 5. Nc3 a6 6. Be2 e5 7. Nb3 Be7 8. O-O O-O 9. Qd3 Be6 10. Bd2 Nc6 11. Nd5 Bxd5 12. exd5 Nb8 13. Na5 b6 14. Nc4 Nbd7 15. b4 Rc8 16. a4 Qc7 17. Ne3 a5 18.
c3 Rb8 19. Rfb1 Rfc8 20. h3 Bf8 21. Qb5 g6 22. Be1 Bg7 23. Nc4 Ne8 24. Ra2 f5 25. Rab2 axb4 26. cxb4 e4 27. Rc2 Nef6 28. Ne3 Qb7 29.
Rc6 Ne5 30. Rxd6 f4 31. Nc4 Nxc4 32. Bxc4 f3 33. Rc6 Nh5 34. d6+ Kh8 35. Rxc8+ Rxc8 36. Rd1 Nf4 37. d7 Rd8 38. Qg5 Qc7 39. Bb5 fxg2 40. Qg4 h5 41. Qg3 Rxd7 42. Rxd7 Qxd7 43. Qxf4 Qe7 44. Qg3 Kh7 45. Qxg2 Be5 46. Kf1 Bf4 47. Bc4 e3 48. Be2 exf2 49. Qxf2 Be3 50. Qf3 Qe6 51. Kg2 Bg5 52. Bf2 Be7 53. Bd3 Bxb4 54.
Qe4 Qxe4+ 55. Bxe4 Ba5 56. Bd4 Kh6 57. h4 g5 58. Be3 Kg7 59. hxg5 b5 60. Bd4+ Kf7 61.
axb5 1-0

[Event "Early-Titled-Tuesday-Blitz-May-07-2024"]
[Site "Chess.com"]
[Date "2024.05.07"]
[Round "4"]
[White "sudtirolese06"]
[Black "LeninGuerra"]
[Result "0-1"]
[WhiteElo "2432"]
[BlackElo "2656"]
[TimeControl "180+1"]
[EndTime "8:43:33 PDT"]
[Termination "LeninGuerra won by resignation"]

1. e4 c5 2. Nc3 e6 3. f4 d5 4.
exd5 exd5 5. Bb5+ Nc6 6. Qe2+ Be7 7. Nf3 Nf6 8. Ne5 Qc7 9. O-O O-O 10. Bxc6 bxc6 11. d3 Bd6 12. Kh1 Re8 13. Qf2 Bf5 14. Bd2 g6 15. Rae1 Re6 16. Na4 d4 17. Nc4 Rae8 18.
Rxe6 Rxe6 19. h3 h5 20. b3 Nd5 21. Nxd6 Qxd6 22. Nb2 Qe7 23. Nc4 Re2 24. Qf3 Kh7 25. Rd1 a6 26. Ne5 Rxe5 27. fxe5 Qxe5 28. Re1 Qf6 29. Qg3 Be6 30. Bg5 Qf5 31. Kg1 f6 32. Bd2 Bf7 33. Qd6 g5 34. Rf1 Qe6 35. Qf8 Qe8 36. Qxc5 Qe2 37. Rf2 Qd1+ 38. Kh2 Qa1 39.
Bxg5 Qe1 40. Bh4 Qe5+ 41. Bg3 Qe3 42. Qf8 Kg6 43. Qd6 Qg5 44. Be5 Qxe5+ 45. Qxe5 fxe5 46. g3 Ne3 47. h4 Be6 48. Kg1 Bg4 49. Rf8 Nxc2 50.
Kf2 Nb4 51. Rb8 Nxd3+ 52. Kf1 e4 53. Rb6 Ne5 54. Rb4 c5 55. Rb6+ Kf5 56. Rb8 d3 57. Rf8+ Ke6 58. Re8+ Kd6 59. Rd8+ Bd7 60. Kf2 Ng4+ 61. Ke1 e3 62. Rh8 Bc6 63. Rh7 Bf3 64.
Kf1 d2 65. Rh6+ Nxh6 0-1

[Event "Early-Titled-Tuesday-Blitz-May-07-2024"]
[Site "Chess.com"]
[Date "2024.05.07"]
[Round "4"]
[White "faraone99"]
[Black "XDPS"]
[Result "0-1"]
[WhiteElo "2522"]
[BlackElo "2841"]
[TimeControl "180+1"]
[EndTime "8:43:35 PDT"]
[Termination "XDPS won by resignation"]

1. e4 c5 2. Nf3 e6 3. c4 Nc6 4.
d4 cxd4 5. Nxd4 Nf6 6. Nc3 Bb4 7. Nxc6 bxc6 8. Bd3 e5 9. O-O O-O 10. Qe2 d6 11. Bd2 Re8 12. a3 Bc5 13. b4 Bd4 14.
Rac1 Bg4 15. Qe1 Be6 16. Ne2 Bb6 17. Ng3 a5 18. h3 axb4 19. axb4 h6 20. Qe2 Bd4 21.
Rc2 Ra3 22. Rb1 Qb6 23. Bc1 Ra4 24. Bd2 Rea8 25. Be1 Ra3 26. Nf1 h5 27. Qd1 g6 28.
Qe2 Kg7 29. Nd2 Qd8 30. Nf3 Ba7 31. Bc3 Nd7 32. Bb2 Ra4 33. Bc3 f6 34. Rd1 Qe7 35.
Rcd2 Ra3 36. Bb2 Rb3 37. b5 Rc8 38. Bb1 cxb5 39. cxb5 Bc5 40. Ba2 Rxf3 41. Qxf3 Bxa2 42. Rc1 Rb8 43. Qd3 Be6 44. Ba3 Rb6 45. Rb2 Bxa3 46. Qxa3 Nc5 47. Rd1 Nxe4 48. f3 Nc5 49. Rbd2 Bf7 50.
Kh2 d5 51. Rc1 Rxb5 52. Rdc2 e4 53. Rxc5 e3 54. Qc3 Rxc5 55. Qxc5 Qe5+ 56. g3 h4 57. f4 Qb2+ 58. Rc2 Qb3 59. Rc3 Qa2+ 60. Rc2 Qa4 61. Re2 d4 62. gxh4 Qc4 63. Qxc4 Bxc4 64. Re1 e2 65.
Kg3 d3 66. Kf2 d2 0-1

[Event "Early-Titled-Tuesday-Blitz-May-07-2024"]
[Site "Chess.com"]
[Date "2024.05.07"]
[Round "4"]
[White "Pertinhez76"]
[Black "luggevoila"]
[Result "0-1"]
[WhiteElo "2135"]
[BlackElo "2315"]
[TimeControl "180+1"]
[EndTime "8:43:35 PDT"]
[Termination "luggevoila won by checkmate"]

1. d4 Nf6 2. Bf4 e6 3. e3 c5 4. c3 Nc6 5. Nd2 d6 6. Bd3 Be7 7. h3 O-O 8. Ngf3 Re8 9. Bg3 Bf8 10. O-O e5 11. e4 cxd4 12. cxd4 exd4 13. Nb3 Nxe4 14.
Bxe4 Rxe4 15. Re1 Rxe1+ 16. Qxe1 Qf6 17. Rd1 Bxh3 18. gxh3 Qxf3 19. Nxd4 Nxd4 20. Rxd4 d5 21. Qd2 Rd8 22. Rd3 Qe4 23. Rd4 Qf5 24. Kg2 h6 25. b4 Be7 26. Rf4 Qe6 27. Qd3 Bd6 28. Rd4 Bxg3 29. fxg3 g6 30. a3 Kg7 31. h4 Qe5 32. Kh2 h5 33. Kg2 a6 34. Qd2 b5 35.
Qd3 Rd6 36. Qd2 Kh7 37. Qd3 Kg8 38. Qd2 Kg7 39. Qd3 Rf6 40. Qd2 Rf5 41. Rd3 Qe4+ 42. Kh2 Re5 43. Qc3 f6 44. Rd2 Re7 45. Qc5 Rd7 46.
Qc8 Qe6 47. Kg2 d4 48. Kf2 Qe3+ 49. Kf1 Re7 50. Rf2 Qe1+ 51. Kg2 Qe4+ 52. Kh2 d3 53. Qd8 Qe3 54. Kg2 Qe4+ 55. Kh2 Qe3 56. Kg2 g5 57. hxg5 Qe4+ 58. Kh2 fxg5 59. Qf8+ Kh7 60. Qf6 Qe5 61. Qf8 h4 62. Rg2 hxg3+ 63. Kh3 Qe6+ 64. Kxg3 Qe3+ 65.
Kh2 Qf4+ 66. Qxf4 gxf4 67. Kh3 Re2 68. Rg1 d2 69. Rd1 f3 70. Kg4 f2 71. Kg3 Re1 72.
Rxd2 f1=Q 73. Rd7+ Kg8 74. Rd2 Qg1+ 75. Kf4 Qe3+ 76. Kf5 Qxd2 77. Kf6 Rf1+ 78. Ke7 Qe3+ 79. Kd6 Rd1+ 80. Kc7 Qc3+ 81. Kb6 Rd6+ 82. Ka5 Qxa3# 0-1

[Event "Early-Titled-Tuesday-Blitz-May-07-2024"]
[Site "Chess.com"]
[Date "2024.05.07"]
[Round "4"]
[White "Kotlyar_K"]
[Black "tomesao"]
[Result "0-1"]
[WhiteElo "2668"]
[BlackElo "2512"]
[TimeControl "180+1"]
[EndTime "8:43:37 PDT"]
[Termination "tomesao won by resignation"]

1. d4 d5 2. c4 e6 3. Nc3 Nf6 4. cxd5 exd5 5. Bg5 Be7 6. e3 Nbd7 7. Bd3 h6 8. Bf4 O-O 9. Nge2 c6 10. O-O Re8 11. h3 Nf8 12. Qc2 Bd6 13. Rab1 Ne6 14. Bxd6 Qxd6 15. b4 Ng5 16. Nf4 Nfe4 17. Nxe4 Nxe4 18.
b5 Bd7 19. bxc6 Bxc6 20. Bxe4 dxe4 21. Rfd1 g5 22. Ne2 Rac8 23. Qb2 b6 24. Rbc1 Ba4 25. Re1 Bd7 26. Rxc8 Rxc8 27. Rc1 Rxc1+ 28. Qxc1 Kg7 29. Qc3 Kg6 30. a3 a5 31. Qc2 f5 32. Qc3 Qc6 33.
Qd2 Be6 34. Nc3 Qc4 35. d5 Bd7 36. Ne2 Qd3 37. Qb2 b5 38. Nd4 b4 39. axb4 a4 40.
Qc2 Qxc2 41. Nxc2 Kf6 42. Kf1 Ke5 43. Ke1 Kxd5 44. Kd2 Kc4 45. g3 Kb3 46. Kc1 a3 47. Nd4+ Kxb4 48. Kc2 Ba4+ 49. Kc1 Bd7 50. Kc2 Kc4 51.
h4 gxh4 52. gxh4 f4 53. Ne2 fxe3 54. fxe3 Ba4+ 55. Kc1 Kd3 56. Nf4+ Kxe3 57. Nd5+ Kf2 58. Nc3 Bc6 59. Kc2 e3 60. Nd1+ Kf3 61. Kd3 Be4+ 62. Kc3 e2 0-1

[Event "Early-Titled-Tuesday-Blitz-May-07-2024"]
[Site "Chess.com"]
[Date "2024.05.07"]
[Round "4"]
[White "Nadtkins"]
[Black "Supergiuly"]
[Result "1-0"]
[WhiteElo "2536"]
[BlackElo "2344"]
[TimeControl "180+1"]
[EndTime "8:43:37 PDT"]
[Termination "Nadtkins won by resignation"]

1. Nf3 b6 2. g3 Bb7 3. Bg2 g5 4.
e4 Bxe4 5. Nc3 Bb7 6. O-O e6 7. d4 h6 8. d5 Bg7 9. Nd4 Ne7 10. dxe6 Bxg2 11. exf7+ Kxf7 12. Kxg2 Nbc6 13. Be3 Rf8 14. f4 gxf4 15. Rxf4+ Kg8 16. Nxc6 Nxc6 17. Qd5+ Kh8 18.
Raf1 Qe7 19. Re4 Qd8 20. Rxf8+ Qxf8 21. Qxd7 Ne5 22. Rxe5 Bxe5 23. Ne4 Rd8 24. Qc6 Qf5 25. Qxh6+ Kg8 26. Ng5 Bg7 27. Qc6 Rf8 28. Bf4 Qc5 29.
Qxc5 bxc5 30. b3 Rd8 31. Kf3 c4 32. bxc4 Rd4 33. c5 Rc4 34. Ne6 Rxc2 35. a4 Rxh2 36. Bxc7 Ra2 37. a5 Rc2 38. Ke4 Bf8 39. Kd5 Rd2+ 40. Kc6 Re2 41. Nd8 Rg2 42. Nb7 Rf2 43.
Bd6 Rf6 44. Kc7 Bh6 45. a6 Rf7+ 46. Kc6 Be3 47. Na5 Rf8 48. Nc4 Rc8+ 49. Kd5 Bc1 50. Na5 Bg5 51. Nc6 Ra8 52. Ke6 Bd2 53. Ne7+ Kf8 54.
Nd5+ Ke8 55. c6 Ba5 56. c7 Rc8 57. g4 Bb6 58. g5 Be3 59. g6 Bh6 60. Nb4 Bf8 61. Nc6 Bxd6 62. Kxd6 Kf8 63. Nxa7 Ra8 64. c8=Q+ Rxc8 65. Nxc8 Kg7 66. a7 Kxg6 67. a8=Q 1-0

[Event "Early-Titled-Tuesday-Blitz-May-07-2024"]
[Site "Chess.com"]
[Date "2024.05.07"]
[Round "4"]
[White "Kirill_Klukin"]
[Black "MITerryble"]
[Result "0-1"]
[WhiteElo "2854"]
[BlackElo "3046"]
[TimeControl "180+1"]
[EndTime "8:43:38 PDT"]
[Termination "MITerryble won on time"]

1. d4 d5 2. c4 c6 3. Nf3 Nf6 4. Nc3 a6 5. e3 b5 6. b3 Bg4 7.
Bd3 Nbd7 8. Bb2 e6 9. h3 Bh5 10. O-O Be7 11. Qc2 Bxf3 12. gxf3 O-O 13. f4 g6 14.
cxb5 cxb5 15. a4 b4 16. Ne2 Rc8 17. Qd2 a5 18. Rac1 Qb6 19. Bb5 Ne4 20. Qd3 Nb8 21.
Qd1 Nd6 22. Bd3 Nd7 23. Ng3 f5 24. Kh2 Kf7 25. Qe2 Nf6 26. Ba6 Ra8 27. Bd3 Rfc8 28.
Kg2 Nfe4 29. f3 Nxg3 30. Kxg3 Bf6 31. Kg2 Rg8 32. Kh1 Rac8 33. Qf2 h6 34. Rxc8 Rxc8 35. Rg1 g5 36. h4 Rg8 37. fxg5 hxg5 38. hxg5 Bxg5 39.
Rg2 Qd8 40. f4 Rh8+ 41. Rh2 Bh4 42. Qf3 Bf6 43. Bc1 Ne4 44. Bxe4 dxe4 45. Qe2 Qc8 46. Bb2 Bg7 47. Rxh8 Qxh8+ 48. Kg2 Qh4 49. Qb5 Qg4+ 50. Kf2 Qf3+ 51. Ke1 Qxe3+ 52. Kd1 Qxb3+ 53.
Kc1 Qd5 54. Qb8 Bf6 55. Qa7+ Kg6 56. Qb8 e3 57. Qg8+ Bg7 58. Qe8+ Kh6 59. Qf7 Qc4+ 0-1

[Event "Early-Titled-Tuesday-Blitz-May-07-2024"]
[Site "Chess.com"]
[Date "2024.05.07"]
[Round "4"]
[White "Arlo2024"]
[Black "andriipalchuk"]
[Result "0-1"]
[WhiteElo "2405"]
[BlackElo "2611"]
[TimeControl "180+1"]
[EndTime "8:43:39 PDT"]
[Termination "andriipalchuk won on time"]

1. e4 c6 2. d4 d5 3. exd5 cxd5 4. Bd3 Nc6 5. c3 Nf6 6. h3 g6 7. Nf3 Bg7 8. O-O O-O 9. Bf4 Bf5 10. Re1 Re8 11. Ne5 Qc8 12. Qe2 Ne4 13. Nxc6 bxc6 14. Nd2 Nxd2 15. Qxd2 Bxd3 16. Qxd3 Qf5 17. Qxf5 gxf5 18.
b4 e6 19. Bd6 h5 20. a4 a6 21.
a5 Kh7 22. h4 Bf6 23. g3 Rg8 24. Kh2 Rg4 25. f3 Rg6 26. Rg1 Rd8 27. Bc7 Rc8 28.
Bd6 Rd8 29. Bc7 Rdg8 30. Rae1 Be7 31. f4 Kg7 32. Re3 Kf8 33. Rge1 Ke8 34. Kh3 Kd7 35. Bb6 Rg4 36. Rf3 Bd6 37. Bc5 Bc7 38. Ree3 R4g6 39. Re2 f6 40. Ree3 Rg4 41. Rf2 R8g7 42. Rff3 Rf7 43.
Rf2 Rg8 44. Rff3 Re8 45. Rf2 e5 46. fxe5 fxe5 47. dxe5 Rxe5 48. Ref3 Ke6 49. Bd4 Re4 50. Be3 Be5 51. Bf4 Bf6 52. Rd2 Rg7 53. Rdf2 Rf7 54. Bd2 Bg7 55. Bf4 Rc4 56. Bd2 Be5 57. Re3 Kf6 58.
Ref3 Kg6 59. Re3 Bf6 60. Ref3 Bg7 61. Rf4 Re4 62. Rxe4 dxe4 63. Kg2 Rd7 64. Re2 Rd3 65. Bf4 Bxc3 66. Rc2 Kf6 0-1

[Event "Early-Titled-Tuesday-Blitz-May-07-2024"]
[Site "Chess.com"]
[Date "2024.05.07"]
[Round "4"]
[White "praveenb2002"]
[Black "GM_dmitrij"]
[Result "1/2-1/2"]
[WhiteElo "2865"]
[BlackElo "3051"]
[TimeControl "180+1"]
[EndTime "8:43:40 PDT"]
[Termination "Game drawn - insufficient material"]

1. c4 e5 2. g3 c6 3. Nf3 e4 4. Nd4 d5 5. cxd5 Qxd5 6. Nc2 Nf6 7. Nc3 Qe5 8. Bg2 Na6 9. O-O Be7 10. d4 exd3 11. Qxd3 Nc5 12. Qe3 Qh5 13. Qg5 Qg6 14.
Qxg6 hxg6 15. Rd1 a5 16. Be3 Ng4 17. Bd4 Ne6 18. Bb6 a4 19. h3 Ne5 20. b3 Nd7 21. Be3 Bf6 22. Bd2 axb3 23. axb3 Rxa1 24. Rxa1 Ndc5 25.
Ra8 O-O 26. b4 Nb3 27. Be1 Bd7 28. Rxf8+ Kxf8 29. Ne4 Be7 30. Bc3 Nc7 31. Ne3 Nb5 32. Be1 N5d4 33. Kf1 f5 34. Nd2 Nc1 35. Ndc4 Ncxe2 36.
Na5 Bc8 37. Nec4 Bd8 38. Ne5 g5 39. Nd3 g4 40. Nc4 gxh3 41. Bxh3 Bc7 42. Nc5 b6 43.
Nd3 Be6 44. Ne3 g6 45. Bg2 Ke7 46. Bxc6 Nxc6 47. Kxe2 Nd4+ 48. Kd2 Kd7 49. Kc3 Nb5+ 50. Kd2 Kc6 51. Kc2 Nd4+ 52. Kc3 Nf3 53. Bd2 Nxd2 54.
Kxd2 Kb5 55. Kc3 Bd6 56. Nc2 Kc6 57. Nd4+ Kd5 58. Nxe6 Kxe6 59. Kd4 g5 60. Kc4 g4 61. Kb5 Bc7 62. Kc6 Bd8 63. Nf4+ Ke5 64. Nd5 Ke4 65. Nxb6 Kf3 66. Nc4 Kxf2 67. Nd6 f4 68. gxf4 g3 69.
Ne4+ Kf3 70. Nxg3 Kxg3 71. b5 Kxf4 72. b6 Bxb6 1/2-1/2

[Event "Early-Titled-Tuesday-Blitz-May-07-2024"]
[Site "Chess.com"]
[Date "2024.05.07"]
[Round "4"]
[White "Lucky_Puncher"]
[Black "schachlana"]
[Result "1-0"]
[WhiteElo "2538"]
[BlackElo "2347"]
[TimeControl "180+1"]
[EndTime "8:43:41 PDT"]
[Termination "Lucky_Puncher won by resignation"]

1. d4 Nf6 2. c4 g6 3. Nc3 Bg7 4. e4 d6 5. h3 O-O 6. Be3 c5 7. d5 e6 8. Nf3 exd5 9. cxd5 Re8 10. Nd2 a6 11. a4 Nbd7 12. Be2 Rb8 13. O-O Qc7 14. Qc2 h5 15. Rae1 Nb6 16. Bf4 Nbd7 17. Bh2 h4 18. f4 Nf8 19. e5 N6d7 20. Nc4 dxe5 21. Bg4 b5 22. axb5 axb5 23. Nxe5 Nxe5 24. Bxc8 Nf3+ 25. gxf3 Rbxc8 26. f5 Qd7 27. fxg6 Nxg6 28.
Ne4 Qxh3 29. Qg2 Qxg2+ 30. Kxg2 Bxb2 31. Rb1 Bd4 32. Rxb5 Rcd8 33. Rd1 f5 34. Nd6 Re2+ 35. Kh3 Rxh2+ 36. Kxh2 Rxd6 37. Rb7 Rxd5 38. Kh1 Rd6 39. Re1 Nf8 40. Re2 Bf6 41. Rg2+ Kh8 42. Rf7 Rd1+ 43.
Kh2 Be5+ 44. Kh3 Rd8 45. Rxf5 Bg3 46. Rh5+ Kg7 47. Rxh4 Kf6 48. Rxg3 Ne6 49. Rh6+ Ke7 50. Rg4 Rc8 51. Rc4 Kf7 52. Kg3 Rd8 53. Re4 Rg8+ 54. Kf2 Re8 55. Rh7+ Kf6 56. Rh6+ Kf5 57. Rh5+ Kg6 58. Rxc5 Nxc5 59. Rxe8 Nd3+ 60. Kg3 Nc5 61. Re5 Nd7 62. Re6+ Nf6 63. Ra6 Kf7 64. Kf4 Kg6 65. Ke5 1-0

[Event "Early-Titled-Tuesday-Blitz-May-07-2024"]
[Site "Chess.com"]
[Date "2024.05.07"]
[Round "4"]
[White "Aleksandar-Topalov"]
[Black "banane_verte"]
[Result "0-1"]
[WhiteElo "2396"]
[BlackElo "2592"]
[TimeControl "180+1"]
[EndTime "8:43:42 PDT"]
[Termination "banane_verte won by resignation"]

1. b3 e5 2. Bb2 Nc6 3. e3 g6 4. c4 Bg7 5. Nf3 Nge7 6. d3 d5 7. cxd5 Nxd5 8. a3 Nde7 9. Qc2 Bf5 10. Nbd2 Qd7 11. Be2 Rd8 12. Ne4 b6 13. O-O h6 14.
Rac1 O-O 15. b4 a6 16. Rfd1 Kh7 17. h3 Be6 18. d4 exd4 19. Nxd4 Nxd4 20. Bxd4 Bxd4 21.
Rxd4 Qc8 22. Qxc7 Qxc7 23. Rxc7 Rxd4 24. exd4 Nd5 25. Rc1 a5 26. bxa5 bxa5 27. Rc5 Rd8 28. Bc4 Kg7 29. Rxa5 Nf4 30. Bxe6 fxe6 31. Ra7+ Kf8 32.
Nc5 Ne2+ 33. Kh2 Nxd4 34. Nd7+ Ke7 35. Ne5+ Kf6 36. f4 Kf5 37. Rf7+ Ke4 38. Nxg6 Ra8 39.
Ne5 Rxa3 40. h4 h5 41. Nc4 Rc3 42. Nd6+ Kd5 43. Ne8 Nf5 44. Nf6+ Kd4 45. Nxh5 Nxh4 46. Re7 Re3 47. Ng7 Kd5 48. Rxe6 Ra3 49. Rh6 Ra7 50. Rxh4 Rxg7 51. Kh3 Ke4 52. Rg4 Rh7+ 53. Kg3 Ra7 54. Rg5 Ra2 55. Re5+ Kd4 56. Kf3 Ra3+ 57. Kg4 Ra8 58.
g3 Rg8+ 59. Kf3 Rh8 60. g4 Rh2 61. Kg3 Rh1 62. g5 Rg1+ 63. Kh4 Rf1 64. Kg4 Rg1+ 65. Kf5 Rf1 66. Re6 Kd5 67. Rf6 Rf2 68. Rf8 Kd6 69.
Rd8+ Ke7 70. Rd2 Rxd2 0-1

[Event "Early-Titled-Tuesday-Blitz-May-07-2024"]
[Site "Chess.com"]
[Date "2024.05.07"]
[Round "4"]
[White "Oleksandr_Bortnyk"]
[Black "kpio91"]
[Result "1-0"]
[WhiteElo "3062"]
[BlackElo "2866"]
[TimeControl "180+1"]
[EndTime "8:43:43 PDT"]
[Termination "Oleksandr_Bortnyk won by resignation"]

1. e4 e5 2. Nf3 Nc6 3. Bb5 Nf6 4. d3 Bc5 5. Nc3 O-O 6. Bg5 Nd4 7. Nxd4 exd4 8.
Nd5 c6 9. Nxf6+ gxf6 10. Bh6 d5 11. Qf3 Kh8 12. Ba4 dxe4 13. dxe4 Rg8 14. O-O Bg4 15.
Qd3 Bd6 16. Bb3 Rg6 17. Bd2 Be6 18. f4 Bxb3 19. axb3 Bc7 20. Rae1 Qd7 21. Rf2 Rag8 22. b4 b5 23. b3 Bb6 24. Kh1 R6g7 25. c4 bxc4 26.
bxc4 c5 27. b5 h5 28. e5 f5 29. Qf3 h4 30. e6 fxe6 31. Rfe2 Re8 32. Qh5+ Rh7 33.
Qxf5 exf5 34. Rxe8+ Kg7 35. R8e7+ Kf6 36. Rxd7 Rxd7 37. Kg1 Bc7 38. Kf2 Bb6 39. Kf3 Rd8 40. Re5 Rh8 41. Rd5 Ke6 42. Be1 Rh7 43. Re5+ Kf6 44.
h3 Rh8 45. Rd5 Ke6 46. Bf2 Rh7 47. Re5+ Kf6 48. Re8 Kf7 49. Rc8 Ke6 50. Rc6+ Kf7 51.
Be1 Rh8 52. Bd2 Rh7 53. Bc1 Rh8 54. Ba3 Re8 55. Bxc5 Re3+ 56. Kf2 Rc3 57. Bxb6 axb6 58. Ke2 Rg3 59. Rxb6 Rxg2+ 60. Kd3 Rg3+ 61. Kxd4 Rxh3 62. Rh6 Kg7 63. Rh5 Kg6 64. Rg5+ Kf6 65. b6 Rb3 66.
Kc5 h3 67. Rh5 Kg6 68. Rh4 1-0

[Event "Early-Titled-Tuesday-Blitz-May-07-2024"]
[Site "Chess.com"]
[Date "2024.05.07"]
[Round "4"]
[White "MaiqMaster"]
[Black "lluiss"]
[Result "1/2-1/2"]
[WhiteElo "2479"]
[BlackElo "2233"]
[TimeControl "180+1"]
[EndTime "8:43:44 PDT"]
[Termination "Game drawn by repetition"]

1. Nf3 Nf6 2. c4 g6 3. Nc3 d5 4. cxd5 Nxd5 5. d4 Bg7 6. e4 Nxc3 7. bxc3 c5 8. Be3 Qa5 9. Qd2 O-O 10. Rc1 cxd4 11.
cxd4 Qxd2+ 12. Nxd2 e6 13. Be2 Nc6 14. Nb3 Rd8 15. Rd1 Nb4 16. Rd2 b6 17. O-O Ba6 18.
Bxa6 Nxa6 19. Rc1 Rd7 20. a3 h6 21. f3 Rad8 22. Kf2 Nc7 23. a4 Na6 24. Rc4 f5 25. Rdc2 fxe4 26. fxe4 Kf7 27. a5 bxa5 28. e5 Nb4 29. R2c3 Nd5 30. Rc1 Rb7 31. Nxa5 Rb2+ 32. R1c2 Rxc2+ 33. Rxc2 Rb8 34. Nc6 Rb7 35. Ra2 Bf8 36. Rxa7 Rxa7 37. Nxa7 h5 38. Nb5 Bb4 39.
Ke2 Ke8 40. Kd3 Kd7 41. g3 Bf8 42. Nc3 Nxc3 43. Kxc3 Kc6 44. Kc4 Be7 45. h3 Bd8 46. g4 hxg4 47. hxg4 Be7 48. Bh6 Bd8 49. Bg7 Bg5 50.
Bf6 Bd2 51. Be7 Be1 52. Bc5 Bd2 53. Kd3 Bh6 54. Ke4 Bd2 55. Be7 Bc1 56. Bh4 Bd2 57. Bg3 Bh6 58. Bf4 Bf8 59. Bg5 Bg7 60.
Kf4 Kd5 61. Bf6 Bh6+ 62. Bg5 Bf8 63. Ke3 Bg7 64. Bf6 Bh6+ 65. Kd3 Bf8 66. Bh4 Bg7 67. Be1 Bh6 68. Bb4 Bf4 69. Be7 Bg3 70. Bc5 Bf2 71. Bb6 Bg1 72. Ba7 Bf2 73. Kc3 Bg1 74. Bc5 Bf2 75. Kd3 Bg1 76. Ba7 Bf2 77. Bb6 Bg1 78. Bc5 Bf2 79. Ba7 Bg1 80. Kc3 Bf2 81. Bb6 Bg1 82. Kd3 Bf2 83. Bc5 Bg1 84. Ba7 1/2-1/2

[Event "Early-Titled-Tuesday-Blitz-May-07-2024"]
[Site "Chess.com"]
[Date "2024.05.07"]
[Round "4"]
[White "Nemegejas"]
[Black "alexrustemov"]
[Result "1-0"]
[WhiteElo "2813"]
[BlackElo "2949"]
[TimeControl "180+1"]
[EndTime "8:43:45 PDT"]
[Termination "Nemegejas won by checkmate"]

1. d4 d5 2. c4 c6 3. Nf3 Nf6 4. Nc3 a6 5. e3 b5 6. b3 Bf5 7. a4 b4 8. Ne2 dxc4 9. bxc4 c5 10.
Ng3 Bc8 11. Bd3 e6 12. O-O Bb7 13. Bb2 Nbd7 14. d5 Bd6 15. e4 Qc7 16. a5 O-O 17. Bc2 Rfe8 18. Ba4 exd5 19. Bxf6 Nxf6 20. Bxe8 dxe4 21. Bxf7+ Qxf7 22. Qxd6 exf3 23. Rfe1 Qxc4 24. Re7 Qd5 25. Qc7 Bc6 26. Rxg7+ Kh8 27. Rf7 Qe6 28. Rd1 Rc8 29. Rd8+ Rxd8 30. Qxd8+ Ne8 31. Re7 Qg6 32.
Re1 fxg2 33. Qe7 Kg8 34. Qxc5 b3 35. Qc4+ Qf7 36. Qxc6 Nf6 37. Qc8+ Kg7 38. Qc3 Qd5 39. Qc7+ Kg6 40. Qc1 Qd3 41. Qb1 Qc2 42. Qxc2+ bxc2 43. Rc1 Nd5 44. Rxc2 Nb4 45. Rc4 Nd3 46. Rc6+ Kg5 47. Rxa6 Ne1 48. Ra8 Kg4 49. Rh8 Kf3 50. Rxh7 Nc2 51.
Rf7+ Kg4 52. f3+ Kh4 53. Kxg2 Ne1+ 54. Kf2 Nd3+ 55. Ke3 Nb4 56. Rf4+ Kh3 57. Rxb4 Kg2 58. Nf5 Kh3 59. a6 Kg2 60. a7 Kh3 61. Rh4+ Kg2 62. a8=Q Kh1 63. Qa1+ Kg2 64. Rg4+ Kxh2 65. Qg1+ Kh3 66. Qh1# 1-0

[Event "Early-Titled-Tuesday-Blitz-May-07-2024"]
[Site "Chess.com"]
[Date "2024.05.07"]
[Round "4"]
[White "tusplingher"]
[Black "NovakCabarkapa"]
[Result "1/2-1/2"]
[WhiteElo "2561"]
[BlackElo "2746"]
[TimeControl "180+1"]
[EndTime "8:43:45 PDT"]
[Termination "Game drawn - insufficient material"]

1. e4 e6 2. d4 d5 3. exd5 exd5 4. Nf3 Nc6 5. c3 Bd6 6. Bd3 Nge7 7. O-O Bg4 8. h3 h5 9. hxg4 hxg4 10. Ne5 Nxe5 11.
dxe5 Bxe5 12. f4 gxf3 13. Qxf3 Bh2+ 14. Kf2 Qd6 15. Ke2 O-O-O 16. Bf4 Qb6 17. Nd2 Rde8 18. Kd1 Bxf4 19. Qxf4 Qxb2 20. Rb1 Qxa2 21. Qxf7 Kb8 22. Re1 Qa4+ 23. Bc2 Qg4+ 24. Kc1 Qg5 25. Ba4 Rhf8 26.
Qe6 Rf6 27. Qe3 Qxe3 28. Rxe3 c6 29. Kc2 Kc7 30. Rbe1 Kd8 31. Nf3 Rff8 32. c4 Nf5 33. Rxe8+ Rxe8 34. Rxe8+ Kxe8 35. cxd5 Ne3+ 36. Kd3 Nxd5 37.
g3 Ke7 38. Bb3 Nf6 39. Nd2 b5 40. Kd4 Kd6 41. Bc2 c5+ 42. Kc3 a5 43. Bd3 b4+ 44.
Kb3 Kd5 45. Nc4 Kd4 46. Bf1 Ne4 47. Bg2 a4+ 48. Kxa4 Kxc4 49. Bxe4 b3 50. Ka3 Kc3 51. Bb1 c4 52. g4 Kd4 53. Kb2 Ke3 54. Kc3 Kf4 55.
Kxc4 b2 56. Kb3 Kxg4 57. Kxb2 Kf4 58. Kc3 Ke3 59. Bd3 g5 60. Bf5 Kf4 61. Bd7 Ke5 62.
Kd3 Kd6 63. Bg4 Ke5 64. Ke3 Kf6 65. Kf3 Kg6 66. Bc8 Kh6 67. Kg4 Kg7 68. Bf5 Kf6 69. Bc8 Ke7 70. Kxg5 1/2-1/2